 Dungeon Crawl Stone Soup version 0.27-a0-1308-gc08437e49b (webtiles) character file.

Game seed: 15486211157893071178

22 freelancePsychic the Charlatan (level 2, 0/22 HPs)
             Began as a Demonspawn Artificer on June 18, 2021.
             Slain by a jackal (2 damage)
             ... on level 2 of the Dungeon.
             The game lasted 00:02:24 (1039 turns).

freelancePsychic the Charlatan (DsAr)               Turns: 1039, Time: 00:02:25

Health: 0/22       AC:  3    Str: 12    XL:     2   Next: 68%
Magic:  2/2        EV: 11    Int: 12    God:
Gold:   53         SH:  0    Dex: 13    Spells: 1/1 levels left

rFire    . . .     SeeInvis .   (no weapon)
rCold    . . .     Faith    .   (no shield)
rNeg     . . .     Spirit   .   b - +0 leather armour
rPois    .         Reflect  .   (no helmet)
rElec    .         Harm     .   (no cloak)
rCorr    .         Rampage  .   (no gloves)
Will     .....                  (no boots)
Stlth    +.........             (no amulet)
HPRegen  0.07/turn              (no ring)
MPRegen  0.08/turn              (no ring)

@: no status effects
A: claws 1
a: no special abilities


You were on level 2 of the Dungeon.
You visited 1 branch of the dungeon, and saw 2 of its levels.

You collected 53 gold pieces.

Inventory:

Armour
 b - a +0 leather armour (worn)
 f - a +2 chain mail of willpower
Wands
 c - a wand of flame (10) (quivered)
 d - a wand of charming (11)
Scrolls
 a - a scroll of enchant armour {unknown}
 h - a scroll of amnesia {unknown}
 i - a scroll of blinking {unknown}
Potions
 g - a potion of degeneration {unknown}
Miscellaneous
 e - a piece from Xom's chessboard (15/15)


   Skills:
 + Level 1.7 Fighting
 - Level 1.8 Armour
 + Level 1.1 Dodging
 - Level 0.9 Stealth
 * Level 0.8 Unarmed Combat
 - Level 3.2 Evocations


You had one spell level left.
You didn't know any spells.
Your spell library was empty.

Dungeon Overview and Level Annotations

Branches:
Dungeon (2/15)

Altars:


Innate Abilities, Weirdness & Mutations

You have sharp fingernails.


Message History

The jackal bites you but does no damage. x2
The jackal bites you.
You barely miss the jackal.
The jackal is moderately wounded.
The jackal barely misses you. x2; The jackal misses you.
The jackal bites you. The jackal barely misses you.
You closely miss the jackal.
The jackal is moderately wounded.
The jackal bites you but does no damage.
The jackal bites you. The jackal barely misses you.
You scratch the jackal.
You kill the jackal!
The jackal bites you. The jackal misses you. The jackal barely misses you.
The jackal bites you.
The jackal bites you but does no damage.
You see here a jackal corpse.
You scratch the jackal.
The jackal is heavily wounded.
The jackal closely misses you.
You miss the jackal.
The jackal barely misses you. x2; The jackal bites you.
You scratch the jackal but do no damage.
The jackal barely misses you. The jackal bites you.
The jackal barely misses you.
You scratch the jackal but do no damage.
The jackal closely misses you. The jackal bites you.
* * * LOW HITPOINT WARNING * * *
Your leather armour prevents you from hitting the jackal.
The jackal bites you but does no damage.
The jackal misses you. The jackal bites you.
* * * LOW HITPOINT WARNING * * *
You scratch the jackal.
The jackal is almost dead.
The jackal barely misses you. The jackal bites you.
* * * LOW HITPOINT WARNING * * *
The jackal bites you.
* * * LOW HITPOINT WARNING * * *
You miss the jackal.
The jackal is almost dead.
The jackal bites you.
You die...

.## #.# ...###.# ..
.... #. #.# ### # #
#.###.. ....#. .#
#......
##....########.
##..#.. ..........##..
###..... #....@h.(#)#
##....#.#
######h#.#.###..#....#
#............##.#
##.....#.######..
#...........# #..
#..#..#.>....###.#
...#..#######......
#.###$.# #.##.( #.
#.... .....


You could see 2 jackals.

Vanquished Creatures
  2 bats
  An endoplasm (D:1)
  2 giant cockroaches (D:1)
  A goblin (D:1)
  2 hobgoblins
  2 jackals (D:2)
  A ball python (D:2)
  7 kobolds
  A rat (D:2)
19 creatures vanquished.

Vanquished Creatures (collateral kills)
  A goblin (D:1)
  A frilled lizard (D:1)
2 creatures vanquished.

Vanquished Creatures (others)
  A goblin (D:1)
  A hobgoblin (D:1)
2 creatures vanquished.

Grand Total: 23 creatures vanquished

Notes
Turn   | Place    | Note
-------+----------+-------------------------------------------
     0 | D:1      | freelancePsychic the Demonspawn Artificer began the quest
                  | for the Orb.
     0 | D:1      | Reached XP level 1. HP: 15/15 MP: 1/1
   530 | D:1      | Gained mutation: You have sharp fingernails. [demonic
                  | ancestry]
   530 | D:1      | Reached XP level 2. HP: 15/21 MP: 2/2
   664 | D:1      | Reached skill level 1 in Dodging
  1039 | D:2      | Slain by a jackal

Illustrated notes

Levels and vault maps discovered:
D:1:      giann_bridges, layout_rooms, serial_shops,
          nicolae_shop_temple_entry_statues_fountains,
          hellmonk_ecumenical_altar_defaced_shrine
D:2:      layout_rooms

Skill      XL: |  1  2 |
---------------+-------+-----
Dodging        | 1 |  1.1
Fighting       | |  1.7
Armour         | |  1.8
Stealth        | |  0.9
Unarmed Combat | |  0.8
Evocations     | |  3.2

Action                   || total
-------------------------++-------
Melee: Club              ||    25
       Unarmed           ||    59
Evoke: Wand              ||     9
 Stab: Sleeping          ||     2
Armor: Leather armour    ||    47
Dodge: Dodged            ||    81

Table legend: (Time is in decaauts)
 A = Elapsed time spent in this place.
 B = Non-inter-level travel time spent in this place.
 C = Inter-level travel time spent in this place.
 D = Time resting spent in this place.
 E = Time spent auto-exploring this place.
 F = Levels seen in this place.
 G = Mean time per level.
                   A        B        C        D        E       F      G
               +--------+--------+--------+--------+--------+-----+--------+
         Total |   1046 |   1020 |     26 |    142 |    680 |   2 |  523.0 |
       Dungeon |   1046 |   1020 |     26 |    142 |    680 |   2 |  523.0 |
               +--------+--------+--------+--------+--------+-----+--------+

Top non-repeatable levels by time:
     D:1: 706 daAuts
     D:2: 339 daAuts
